Map: Ulrena

Players

Miszu - Winner!

  • Race: Terran Terran
  • League: Grandmaster

Jade

  • Race: Protoss Protoss
  • League: Master

VOD

Have the link to the VOD?

Description

Time

  • Played on: Feb. 21, 2016, 12:54 p.m.
  • Length: 11:01
Show
View Real Time Build Order
Export as new Build Order

Miszu Terran - Winner!

Build Orders: Command Center First (CC), MMM Bio 

Get SALT Encoding   

  12  0:00  SCV  
  13  0:12  SCV  
  14  0:17  Supply Depot  
  14  0:24  SCV  
  15  0:39  SCV  
  16  0:51  SCV  
  17  1:00  Command Center  
  17  1:03  SCV  
  18  1:15  SCV  
  18  1:16  Barracks  
  19  1:27  SCV  
  20  1:35  Barracks  
  20  1:41  SCV  
  21  1:47  Barracks  
  22  2:03  Marine  
  22  2:05  Orbital Command  
  22  2:08  Bunker  
  22  2:18  Orbital Command  
  22  2:22  Marine  
  23  2:24  Marine  
  24  2:31  Supply Depot  
  24  2:34  Marine, Orbital Command  
  25  2:39  Marine  
  25  2:41  SCV  
  27  2:47  Marine  
  28  2:52  Marine  
  28  2:57  Marine, Barracks, SCV  
  31  3:05  Barracks  
  30  3:06  Marine  
  30  3:10  Marine  
  32  3:15  Marine  
  33  3:24  Marine, SCV x2  
  36  3:27  Supply Depot  
  36  3:28  Marine  
  36  3:31  Engineering Bay  
  36  3:33  Marine  
  38  3:42  Marine  
  38  3:44  Marine  
  38  3:45  Marine  
  41  3:52  Marine  
  41  3:54  Marine  
  43  4:00  Marine  
  43  4:01  Refinery  
  43  4:02  Marine  
  45  4:03  Marine  
  45  4:05  Refinery  
  44  4:10  Marine  
  44  4:11  Marine  
  44  4:16  SCV x2  
  48  4:17  Marine  
  48  4:19  Marine  
  48  4:23  Marine  
  51  4:27  Marine  
  51  4:29  Marine  
  53  4:31  Missile Turret  
  54  4:39  Marine  
  54  4:40  Barracks Tech Lab  
  54  4:50  Supply Depot  
  54  4:58  Marine, Orbital Command  
  54  5:00  SCV  
  54  5:01  Marine  
  54  5:03  Marine  
  54  5:04  Marine  
  54  5:10  Marine  
  54  5:12  Stimpack  
  53  5:16  Marine  
  53  5:19  Marine  
  53  5:20  Marine  
  56  5:22  Marine  
  57  5:30  Factory  
  57  5:31  Missile Turret  
  57  5:32  Marine  
  57  5:33  SCV  
  57  5:34  Marine  
  60  5:38  Supply Depot  
  60  5:48  Marine x2  
  60  5:49  Marine  
  60  5:50  SCV  
  60  5:54  SCV  
  62  6:02  SCV  
  63  6:10  Marine  
  63  6:11  Marine x4  
  58  6:26  Factory Reactor  
  58  6:28  Starport, Marine x4  
  58  6:29  Marine  
  58  6:31  SCV  
  58  6:32  SCV  
  65  6:44  SCV x2  
  65  6:46  Marine x3  
  70  6:54  Marine x2, Terran Infantry Weapons Level 1  
  70  6:55  Supply Depot  
  70  6:56  SCV x2  
  70  6:57  Supply Depot  
  70  6:59  Refinery  
  74  7:04  Marine x3  
  74  7:08  SCV  
  78  7:13  Combat Shields  
  78  7:16  Medivac x2, SCV, Widow Mine  
  78  7:20  SCV  
  78  7:22  Supply Depot  
  87  7:26  Supply Depot, Marine  
  87  7:29  Liberator x2  
  88  7:34  Ghost Academy  
  88  7:36  SCV  
  88  7:45  SCV  
  88  7:51  Barracks Tech Lab, Marauder  
  97  7:53  Barracks Tech Lab  
  97  7:58  Barracks Tech Lab  
  97  7:59  Barracks Tech Lab  
  97  8:05  Refinery  
  97  8:13  SCV x2  
  97  8:15  Marauder x2, Concussive Shells  
  103  8:20  Supply Depot  
  103  8:23  Liberator  
  103  8:30  Liberator  
  103  8:35  Command Center  
  108  8:53  Marauder x2  
  112  9:01  Supply Depot  
  112  9:02  Supply Depot  
  112  9:03  Supply Depot  
  112  9:06  Liberator  
  112  9:13  Marine  
  112  9:14  Marauder  
  115  9:21  Marauder  
  115  9:24  Liberator  
  120  9:27  Missile Turret  
  120  9:41  Marine  
  120  9:42  Marine x2  
  126  9:48  Liberator, Orbital Command  
  126  9:56  Marine, Marauder  
  128  10:05  Marine, Marauder  
  128  10:06  Marauder  
  129  10:14  Marine  
  129  10:17  Marine  
  123  10:23  Marauder  
  123  10:26  Marine  
  123  10:27  Marauder  
  128  10:32  Marauder  
  130  10:36  Marauder  
  132  10:47  SCV  
Show
View Real Time Build Order
Export as new Build Order

Jade Protoss 

Build Orders: Oracle Opening, Colossus Rush 

Get SALT Encoding   

  12  0:01  Probe (Chrono Boost)  
  13  0:12  Probe (Chrono Boost)  
  14  0:24  Pylon, Probe (Chrono Boost)  
  15  0:42  Probe (Chrono Boost)  
  16  0:44  Gateway  
  16  0:47  Assimilator  
  16  0:52  Assimilator  
  16  0:54  Probe (Chrono Boost)  
  17  1:04  Pylon, Probe (Chrono Boost)  
  18  1:15  Probe (Chrono Boost)  
  20  1:25  Probe (Chrono Boost)  
  20  1:33  Cybernetics Core  
  20  1:34  Zealot (Chrono Boost)  
  20  1:39  Probe  
  23  1:52  Probe  
  24  2:05  Probe (Chrono Boost)  
  25  2:10  Stargate  
  25  2:11  Warp Gate  
  27  2:16  Mothership Core (Chrono Boost)  
  27  2:19  Stalker  
  29  2:29  Pylon  
  29  2:34  Probe (Chrono Boost)  
  30  2:45  Probe (Chrono Boost)  
  31  3:10  Fleet Beacon  
  31  3:15  Probe (Chrono Boost)  
  30  3:25  Nexus  
  30  3:35  Oracle (Chrono Boost)  
  33  3:49  Gateway  
  33  3:51  Gateway  
  33  3:53  Robotics Facility  
  34  3:55  Probe  
  34  4:07  Probe  
  35  4:12  Phoenix (Chrono Boost)  
  37  4:17  Pylon  
  38  4:27  Sentry  
  39  4:35  Probe  
  39  4:38  Probe, Phoenix (Chrono Boost)  
  43  4:48  Probe  
  43  4:49  Probe  
  45  4:55  Robotics Bay  
  45  5:00  Probe x2  
  45  5:05  Phoenix (Chrono Boost)  
  49  5:10  Probe  
  49  5:12  Probe  
  51  5:15  Pylon  
  51  5:16  Assimilator  
  51  5:17  Assimilator  
  51  5:21  Probe  
  52  5:30  Phoenix (Chrono Boost)  
  52  5:32  Pylon  
  51  5:36  Zealot  
  53  5:43  Probe  
  53  5:49  Probe  
  52  5:56  Colossus (Chrono Boost)  
  59  5:58  Pylon  
  59  6:00  Zealot x2  
  59  6:04  Probe  
  64  6:05  Probe  
  59  6:16  Adept  
  61  6:25  Sentry  
  53  6:26  Pylon  
  53  6:28  Pylon  
  53  6:29  Mothership Core  
  53  6:50  Pylon  
  53  6:51  Pylon  
  53  7:02  Nexus  
  53  7:05  Pylon  
  53  7:10  Sentry x2  
  53  7:11  Sentry  
  55  7:21  Probe  
  56  7:33  Probe  
  56  7:34  Zealot x2  
  59  7:56  Colossus (Chrono Boost)  
  65  8:01  Sentry  
  67  8:07  Zealot  
  67  8:15  Extended Thermal Lance (Chrono Boost), Probe  
  67  8:16  Probe  
  69  8:31  Zealot  
  71  8:39  Probe  
  72  8:45  Stalker x4  
  72  8:50  Colossus (Chrono Boost)  
  72  8:54  Stalker  
  80  8:58  Gateway  
  80  9:04  Stalker  
  80  9:13  Pylon  
  80  9:14  Stalker  
  82  9:19  Stalker  
  84  9:35  Stalker  
  86  9:38  Gateway  
  86  9:41  Gateway  
  86  9:43  Sentry  
  86  9:44  Sentry  
  86  9:45  Observer (Chrono Boost)  
  91  10:00  Stalker  
  91  10:03  Pylon  
  93  10:08  Gateway  
  75  10:22  Stalker  
  75  10:23  Stalker x2  
  75  10:24  Stalker  
  83  10:35  Stalker  
  85  10:37  Stalker  
  87  10:46  Stalker x2  
Tags
 
Add a new tag
Caveats
  • Supply blocks, unpowered buildings, or Contaminate may cause inaccurate times.
  • Supply counts are checked every 10 seconds.